 Dungeon Crawl Stone Soup version 0.30-a0-279-g4b46babb21 (webtiles) character file.

Game seed: 6593903596481759727

3026 hikkokomori the Skirmisher (level 9, -1/54 (56) HPs)
             Began as a Tengu Hunter on Oct 17, 2022.
             Was a Believer of Okawaru.
             Slain by a wight
             ... wielding a +2 morningstar of freezing
              (3 damage)
             ... on level 7 of the Dungeon.
             The game lasted 00:16:52 (7045 turns).

hikkokomori the Skirmisher (Tengu Hunter)           Turns: 7045, Time: 00:16:54

HP:   -1/54 (56)    AC:  4    Str: 12    XL:     9   Next: 85%
MP:   10/10         EV: 20    Int: 17    God:    Okawaru [**....]
Gold: 291           SH:  0    Dex: 20    Spells: 6/8 levels left

rFire   . . .      SeeInvis .    w - +2 dagger (drain)
rCold   . . .      Faith    .    (no shield)
rNeg    . . .      Spirit   .    t - +1 robe of Untruth {Contam rPois Will++ rCorr}
rPois   +          Reflect  .    (helmet restricted)
rElec   .          Harm     .    (no cloak)
rCorr   +          Rampage  .    f - +0 pair of gloves
Will    ++...                    (boots unavailable)
Stlth   +++.......               (no amulet)
HPRegen 0.29/turn                o - +6 ring of intelligence
MPRegen 0.12/turn                (no ring)

@: flying quickly and evasively, lightly drained, quick
A: beak, talons 3, nimble flight
a: Renounce Religion, Heroism


You were on level 7 of the Dungeon.
You worshipped Okawaru.
Okawaru was pleased with you.
You visited 2 branches of the dungeon, and saw 8 of its levels.

You collected 291 gold pieces.

Inventory:

Hand Weapons
 a - a +0 shortbow
 d - a +0 dagger
 p - a +0 whip of venom
 w - a +2 dagger of draining (weapon)
 y - a +0 whip of freezing
 D - a +3 rapier
Missiles
 r - 3 silver javelins
Armour
 c - a +0 leather armour
 f - a +0 pair of gloves (worn)
 t - the +1 robe of Untruth (worn) {Contam rPois Will++ rCorr}
   (You found it on level 6 of the Dungeon)

   rPois:     It protects you from poison.
   Contam:    It causes magical contamination when unequipped.
   rCorr:     It protects you from acid and corrosion.
   Will:      It greatly increases your willpower.
 B - +0 steam dragon scales
 C - +0 shadow dragon scales
Jewellery
 o - a +6 ring of intelligence (left hand)
Wands
 k - a wand of iceblast (1)
 s - a wand of flame (10)
Scrolls
 b - a scroll of immolation
 g - a scroll of fog
 j - 4 scrolls of poison
 m - 2 scrolls of fear
 v - 2 scrolls of teleportation
 z - 2 scrolls of blinking
 A - a scroll of identify
 F - a scroll of silence {unknown}
Potions
 e - 3 potions of resistance
 h - 2 potions of attraction
 i - a potion of brilliance
 l - 2 potions of cancellation
 n - 3 potions of curing
 q - 5 potions of heal wounds
 u - a potion of lignification {unknown}
 x - a potion of ambrosia {unknown}
 E - a potion of magic {unknown}


   Skills:
 + Level 6.7 Fighting
 + Level 0.0 Short Blades
 - Level 8.0 Ranged Weapons
 + Level 7.0 Dodging
 - Level 3.5 Stealth
 + Level 6.4 Conjurations
 + Level 6.4 Air Magic


You had 6 spell levels left.
You knew the following spells:

 Your Spells              Type           Power      Damage    Failure   Level
a - Static Discharge      Conj/Air       44%        2-4/arc   2%          2

Your spell library contained the following spells:

 Spells                   Type           Power      Damage    Failure   Level
 Vhi's Electric Charge    Tloc/Air       22%        N/A       19%         3
 Necrotise                Necr           0%         1d4       24%         1
 Blink                    Tloc           0%         N/A       34%         2
 Arcjolt                  Conj/Air       11%        1d21      43%         5
 Iskenderun's Battlesphe  Conj           22%        2d8       43%         5
 Lightning Bolt           Conj/Air       11%        1d24      43%         5
 Vampiric Draining        Necr           0%         2d6       56%         3
 Fireball                 Conj/Fire      5%         3d5       87%         5
 Manifold Assault         Tloc           0%         N/A       93%         4
 Conjure Ball Lightning   Conj/Air       11%        3x3d6     95%         6
 Agony                    Necr           0%         N/A       100%        5
 Orb of Destruction       Conj           11%        9d6       100%        7
 Storm Form               Tmut/Air       5%         N/A       100%        7
 Chain Lightning          Conj/Air       11%        3d14      100%        9
 Fire Storm               Conj/Fire      5%         8d2       100%        9
 Shatter                  Erth           0%         3d5*      100%        9


Dungeon Overview and Level Annotations

Branches:
Dungeon (7/15)             Temple (1/1) D:4

Altars:
Ashenzari
Cheibriados
Elyvilon
Fedhas
Gozag
Kikubaaqudgha
Okawaru
Ru
Sif Muna
Uskayaw
Wu Jian
Yredelemnul
Zin
The Shining One

Shops:
D:1 :


Innate Abilities, Weirdness & Mutations

You have a beak for a mouth.
You have claws for feet.
Your magical nature lets you fly swiftly and evasively.


Message History

The bullfrog barely misses you.
You hit the bullfrog.
You kill the bullfrog!
Okawaru accepts your kill.
Your Ranged Weapons skill increases to level 8!
There is an open door here.
There is an open door here.
There is an open door here.
There is an open door here.
A wight is nearby!
A wight is nearby!
A wight is nearby!
a - a +0 shortbow (weapon)
You shoot an arrow. The arrow barely misses the wight.
You shoot an arrow.
The arrow hits the wight but does no damage.
You shoot an arrow. The arrow hits the wight.
The wight is moderately damaged.
You sense an unholy aura.
w - a +2 dagger of draining (weapon)
You hit the wight. You claw the wight.
The wight is heavily damaged.
The wight hits you with a +2 morningstar of freezing!
The wight freezes you.
You hit the wight but do no damage.
The wight is heavily damaged.
The wight hits you with a +2 morningstar of freezing!
The wight freezes you.
You are too injured to fight recklessly!
You hit the wight. You claw the wight, but do no damage.
The wight is heavily damaged.
The wight misses you.
You hit the wight but do no damage.
The wight is heavily damaged.
The wight hits you with a +2 morningstar of freezing!
* * * LOW HITPOINT WARNING * * *
You feel drained.
* * * LOW HITPOINT WARNING * * *
The wight freezes you.
You die...

..#######........................
##)..............................
#...............#####.....#'#...
#...............# #.....#.#...
#...............# #.....#.#...
#...............# #.....#.#...
##...............# #....##.##..
............<....# #....#...#..
................@# ####.#._.#..
................z#### #.#...#..
......................###.##.##..
...........................#.#...
......................##...#.#...
..................... ###.#.#...
...................... #.#'#...
......................# #.......
##......


You could see a wight.

Vanquished Creatures
  Joseph (D:7)
  Eustachio (D:4)
  3 steam dragons (D:6)
  Edmund (D:4)
  2 black bears
  An ice beast (D:5)
  2 sky beasts
  4 ogres
  A phantom (D:6)
  A kobold brigand (D:5)
  2 bullfrogs (D:7)
  Blork the orc (D:6)
  2 scorpions
  2 wights (D:7)
  A jelly (D:6)
  2 orc priests
  3 hounds (D:4)
  A gnoll bouda (D:5)
  Ijyb (D:3)
  2 iguanas (D:5)
  Natasha (thrice) (D:4)
  3 orc wizards
  5 adders
  9 gnolls
  A white imp (D:7)
  An ufetubus (D:5)
  3 worms
  2 dart slugs
  14 orcs
  4 ball pythons
  5 endoplasms
  17 goblins
  11 hobgoblins
  8 jackals
  22 kobolds
  A quokka (D:4)
  3 bats
  2 frilled lizards
  5 rats
153 creatures vanquished.

Vanquished Creatures (others)
  2 fungi (D:6)
  57 plants (D:1)
59 creatures vanquished.

Grand Total: 212 creatures vanquished

Notes
Turn   | Place    | Note
-------+----------+-------------------------------------------
     0 | D:1      | hikkokomori the Tengu Hunter began the quest for the Orb.
     0 | D:1      | Reached XP level 1. HP: 12/12 MP: 2/2
    26 | D:1      | Found Xinoaple's Book Boutique.
   222 | D:1      | Reached XP level 2. HP: 16/17 MP: 3/3
   820 | D:2      | Reached XP level 3. HP: 11/22 MP: 4/4
   953 | D:2      | Identified the +0 chain mail of the Wilderness {Str+4}
  1096 | D:2      | Found a faded altar of an unknown god.
  1558 | D:2      | Reached XP level 4. HP: 27/27 MP: 5/5
  1600 | D:3      | Found a blossoming altar of Fedhas.
  1827 | D:3      | Found a glowing silver altar of Zin.
  2080 | D:3      | Noticed Ijyb
  2084 | D:3      | HP: 1/27 [Ijyb/iceblast (12)]
  2099 | D:3      | Killed Ijyb
  2100 | D:3      | Reached skill level 5 in Ranged Weapons
  2355 | D:4      | Gained mutation: Your magical nature lets you fly swiftly
                  | and evasively. [Tengu growth]
  2355 | D:4      | Reached XP level 5. HP: 32/32 MP: 6/6
  2364 | D:4      | Noticed a black bear
  2373 | D:4      | Killed a black bear
  2374 | D:4      | Reached XP level 6. HP: 29/37 MP: 7/7
  2445 | D:4      | Noticed Natasha
  2457 | D:4      | Killed Natasha
  2471 | D:4      | Noticed Edmund
  2485 | D:4      | Killed Edmund
  2729 | D:4      | You are sucked into a shaft and drop 2 floors!
  2732 | D:5      | Entered Level 5 of the Dungeon
  2922 | D:6      | Identified the +1 robe of Untruth {Contam rPois Will++
                  | rCorr}
  2965 | D:6      | Learned a level 2 spell: Static Discharge
  3075 | D:4      | Noticed Eustachio
  3080 | D:4      | Killed Eustachio
  3081 | D:4      | Reached skill level 1 in Conjurations
  3081 | D:4      | Reached skill level 1 in Air Magic
  3081 | D:4      | Reached XP level 7. HP: 43/44 MP: 8/8
  3122 | D:4      | Reached skill level 6 in Ranged Weapons
  3124 | D:4      | Found a white marble altar of Elyvilon.
  3156 | D:4      | Found a sacrificial altar of Ru.
  3162 | D:4      | Noticed Natasha
  3174 | D:4      | Killed Natasha
  3298 | D:4      | Noticed Natasha
  3308 | D:4      | Killed Natasha
  3644 | D:4      | Reached skill level 5 in Dodging
  3644 | D:4      | Reached XP level 8. HP: 45/47 MP: 9/9
  3893 | D:4      | Found a staircase to the Ecumenical Temple.
  4067 | Temple   | Entered the Ecumenical Temple
  4207 | D:4      | Reached skill level 5 in Fighting
  4515 | D:5      | Found an iron altar of Okawaru.
  4548 | D:5      | Became a worshipper of Warmaster Okawaru
  4897 | D:5      | Reached skill level 7 in Ranged Weapons
  5235 | D:6      | Found the +7 Kryia's mail coat {PotionHeal*2 rC+}
  5401 | D:6      | Reached * piety under Okawaru
  5402 | D:6      | Reached XP level 9. HP: 55/55 MP: 10/10
  5410 | D:6      | Reached skill level 5 in Conjurations
  5550 | D:6      | Reached skill level 5 in Air Magic
  5685 | D:6      | Noticed Blork the orc
  5695 | D:6      | Killed Blork the orc
  6055 | D:7      | Found an opulent altar of Gozag.
  6084 | D:7      | Noticed Joseph
  6113 | D:7      | Killed Joseph
  6113 | D:7      | Reached ** piety under Okawaru
  6804 | D:7      | Found a broken altar of Ashenzari.
  6973 | D:7      | Reached skill level 8 in Ranged Weapons
  7045 | D:7      | HP: 2/54 [wight/+2 morningstar of freezing (4)]
  7045 | D:7      | Slain by a wight

Illustrated notes

Levels and vault maps discovered:
D:1:      roderic_crop_circles_arrival_small, layout_loops_ring, serial_shops,
          shop, nrook_mini_backslash, serial_bayou_crossing
D:2:      layout_loops_cross, nicolae_ecumenical_oubliette,
          grunt_decor_arrowhead, feat_on_display
D:3:      layout_basic, fedhas_ov_isle_minmay, zin_scriptorium, uniq_ijyb
D:4:      corexii_shantytown, layout_cave_pods, elyvilon_altar_5,
          mainiacjoe_overflow_24_doors, minmay_temple_entry_metal_lava,
          uniq_natasha, uniq_edmund, uniq_eustachio
D:5:      layout_loops_ring, okawaru_metal_pillars_1_2, patterned_corridor
D:6:      kennysheep_steamy, layout_basic, uniq_blork_the_orc
D:7:      layout_gridville, mainiacjoe_overflow_surrounded_room,
          general_overflow_altar, minmay_shop_enchanted_jewellery, uniq_joseph
Temple:   nicolae_temple_ecumenical_triangle

Skill      XL: |  1  2  3  4  5  6  7  8  9 |
---------------+----------------------------+-----
Stealth        | 2 3 |  3.5
Dodging        | 3 4 5 6 7 |  7.0
Fighting       | 3 4 5 6 |  6.7
Ranged Weapons | 5 6 7 8 |  8.0
Conjurations   | 1 2 4 6 |  6.4
Air Magic      | 1 2 4 6 |  6.4

Action                   |  1- 3 |  4- 6 |  7- 9 || total
-------------------------+-------+-------+-------++-------
Melee: Dagger            |       |    81 |   217 ||   298
       Kick              |       |    20 |    99 ||   119
       Peck              |       |    11 |    50 ||    61
       Punch             |       |     1 |     4 ||     5
       Whip              |       |       |    56 ||    56
 Fire: Shortbow          |    94 |    36 |    45 ||   175
Invok: Heroism           |       |       |     1 ||     1
Evoke: Wand              |       |     6 |     2 ||     8
  Use: Scroll            |       |     9 |     7 ||    16
       Potion            |       |     1 |     1 ||     2
 Stab: Sleeping          |       |     5 |    10 ||    15
Armor: Leather armour    |     5 |    13 |       ||    18
       Robe              |       |       |    17 ||    17
Dodge: Dodged            |    26 |    68 |   229 ||   323

Table legend: (Time is in decaauts)
 A = Elapsed time spent in this place.
 B = Non-inter-level travel time spent in this place.
 C = Inter-level travel time spent in this place.
 D = Time resting spent in this place.
 E = Time spent auto-exploring this place.
 F = Levels seen in this place.
 G = Mean time per level.
                   A        B        C        D        E       F      G
               +--------+--------+--------+--------+--------+-----+--------+
         Total |   6830 |   6608 |    222 |    728 |   4656 |   8 |  853.8 |
       Dungeon |   6777 |   6575 |    202 |    728 |   4628 |   7 |  968.1 |
        Temple |     53 |     34 |     19 |      0 |     28 |   1 |   53.0 |
               +--------+--------+--------+--------+--------+-----+--------+

Top non-repeatable levels by time:
     D:4: 1423 daAuts
     D:6: 1073 daAuts
     D:7: 980 daAuts
     D:5: 915 daAuts
     D:2: 851 daAuts
     D:1: 772 daAuts
     D:3: 761 daAuts
  Temple: 53 daAuts
